 Dungeon Crawl Stone Soup version 0.27.1-2-g3b301248ec (webtiles) character file.

Game seed: 4155946645068695260

16713 Kinoniko the Cleaver (level 12, 0/142 HPs)
             Began as a Demonspawn Berserker on Sept 28, 2021.
             Was a High Priest of Trog.
             Slain by a yak (7 damage)
             ... on level 1 of the Lair of Beasts.
             The game lasted 00:11:52 (12059 turns).

Kinoniko the Cleaver (Demonspawn Berserker)        Turns: 12059, Time: 00:11:53

Health: 0/142      AC: 17    Str: 22    XL:     12   Next: 12%
Magic:  12/12      EV: 13    Int: 10    God:    Trog [*****.]
Gold:   471        SH:  0    Dex: 16    Spells: 11/11 levels left

rFire    . . .     SeeInvis .   y - +10 flail of Tomuf {venom, rN+ Dex+4}
rCold    . . .     Faith    .   (no shield)
rNeg     + . .     Spirit   .   d - +4 plate armour
rPois    +         Reflect  .   (helmet unavailable)
rElec    .         Harm     .   n - +2 cloak
rCorr    .         Rampage  .   (no gloves)
Will     .....                  (no boots)
Stlth    ..........             (no amulet)
HPRegen  0.33/turn              w - ring of poison resistance
MPRegen  0.13/turn              u - +4 ring of evasion

@: berserking (expiring), studying Slings, very quick
A: horns 3, repulsion field 2, foul stench 1, demonic magic 1
a: Renounce Religion, Berserk, Trog's Hand, Brothers in Arms


You were on level 1 of the Lair of Beasts.
You worshipped Trog.
Trog was extremely pleased with you.
You visited 2 branches of the dungeon, and saw 11 of its levels.

You collected 581 gold pieces.
You spent 110 gold pieces at shops.

Inventory:

Hand Weapons
 a - a +0 hand axe
 j - a +2 battleaxe of freezing
 q - a +2 vampiric hand axe
 y - the +10 flail of Tomuf (weapon) {venom, rN+ Dex+4}
   (You found it on level 9 of the Dungeon)

   It poisons the flesh of those it strikes.
   Dex:       It affects your dexterity (+4).
   rN:        It protects you from negative energy.
 B - the +5 fustibalus "Uwaov" {venom, rF- rN+ Dex+6}
   (You found it on level 9 of the Dungeon)

   Any ammunition fired from it poisons the flesh of those it strikes.
   Dex:       It affects your dexterity (+6).
   rF:        It makes you vulnerable to fire.
   rN:        It protects you from negative energy.
Missiles
 k - a throwing net (quivered)
Armour
 d - a +4 plate armour (worn)
 n - a +2 cloak (worn)
 C - a +2 kite shield
Jewellery
 o - a +6 ring of dexterity
 s - an amulet of magic regeneration
 u - a +4 ring of evasion (right hand)
 w - a ring of poison resistance (left hand)
 x - a ring of protection from fire
Wands
 c - a wand of polymorph (3)
 r - a wand of flame (20)
Scrolls
 g - 2 scrolls of vulnerability
 h - 3 scrolls of magic mapping
 z - a scroll of blinking
 E - a scroll of teleportation
 F - a scroll of identify
Potions
 b - a potion of heal wounds
 e - 3 potions of brilliance
 f - a potion of resistance
 i - 6 potions of curing
 l - 4 potions of lignification
 m - a potion of mutation
 p - 5 potions of attraction
 t - a potion of berserk rage {unknown}
 v - a potion of ambrosia {unknown}
 A - a potion of cancellation
 D - a potion of magic {unknown}


   Skills:
 + Level 9.0 Fighting
 - Level 13.4(14.5) Axes
 * Level 9.7(12.7) Maces & Flails
 - Level 1.7 Armour
 - Level 1.7 Dodging


You had 11 spell levels left.
You didn't know any spells.
Your spell library contained the following spells:

 Spells                   Type           Power      Damage    Failure   Level
 Slow                     Hex            0%         N/A       100%        2
 Confusing Touch          Hex            0%         N/A       100%        3
 Vampiric Draining        Necr           0%         2d6       100%        3
 Passage of Golubria      Tloc           N/A        N/A       100%        4
 Silence                  Hex/Air        0%         N/A       100%        5
 Lehudib's Crystal Spear  Conj/Erth      0%         10d2      100%        8


Dungeon Overview and Level Annotations

Branches:
Dungeon (10/15)            Temple (0/1) D:4            Lair (1/6) D:10
    Orc: D:9-12

Altars:
Ashenzari
Cheibriados
Elyvilon
Fedhas
Hepliaklqana
Makhleb
Nemelex Xobeh
Ru
Sif Muna
Vehumet
Xom
The Shining One

Shops:
D:5 *!   D:8 [   D:9 !


Innate Abilities, Weirdness & Mutations

You have a pair of large horns on your head.
You are surrounded by a moderate repulsion field. (EV +3)
You may rarely emit foul miasma when damaged in melee.
Spells you cast may paralyse adjacent enemies.


Message History

Unknown command.
Unknown command.
You are too injured to fight recklessly!
Unknown command.
You are too injured to fight recklessly!
You are too injured to fight recklessly!
Unknown command.
You are too injured to fight recklessly!
Your plate armour prevents you from hitting the yak.
You headbutt the yak!
The yak is moderately wounded.
The yak gores you but does no damage. The yak gores you!
You barely miss the yak.
The yak is moderately wounded.
The cane toad stings you! The yak gores you but does no damage.
The yak barely misses you. x2
You sock the yak!
The yak is poisoned.
The yak is heavily wounded.
The yak misses you. The cane toad stings you.
* * * LOW HITPOINT WARNING * * *
Unknown command.
You bludgeon the yak!!
You kill the yak!
Trog accepts your kill. The yak gores you!
* * * LOW HITPOINT WARNING * * *
The yak gores you but does no damage. The yak barely misses you.
You hit the yak.
The yak is poisoned.
The yak is lightly wounded.
The cane toad stings you!
* * * LOW HITPOINT WARNING * * *
Unknown command.
You barely miss the yak. You headbutt the yak!!
The yak is heavily wounded.
The yak gores you.
* * * LOW HITPOINT WARNING * * *
The yak gores you!
* * * LOW HITPOINT WARNING * * *
You emit a cloud of foul miasma!
The yak gores you!
You die...

#..########...P..##
...............##
..................
.........|........
..................
...............###
#..............#
≈#........Y....#
≈#.......@Y....#
≈#......?YF$...#
#)............#
.............#
.............#
...........[.#
..#####......# ..
........


You could see 3 yaks and a cane toad.

Vanquished Creatures
  A hydra (Lair:1)
  4 two-headed ogres (D:9)
  3 death yaks (D:10)
  A cyclops (D:10)
  Joseph (Lair:1)
  A cane toad (Lair:1)
  A hornet (shapeshifter) (D:9)
  Grinder (D:4)
  A hornet (D:7)
  4 slime creatures (D:9)
  2 shadows (D:9)
  A wraith (D:9)
  14 yaks
  5 wyverns
  2 vampire mosquitoes (D:10)
  2 steam dragons
  An acid dragon (D:10)
  2 water moccasins (D:5)
  8 orc warriors
  4 sky beasts
  2 black bears
  An ice beast (D:6)
  6 centaurs
  2 necrophages
  3 kobold brigands
  A gnoll sergeant (D:7)
  4 bullfrogs
  2 scorpions
  2 wyvern zombies
  4 killer bees (D:9)
  5 wights (D:8)
  An electric eel (D:6)
  3 howler monkeys
  6 centaur zombies
  6 jellies
  6 orc priests
  2 hounds
  A bullfrog skeleton (D:5)
  4 centaur skeletons
  Jessica (D:3)
  Ijyb (D:4)
  Natasha (thrice) (D:3)
  5 iguanas
  9 orc wizards
  A killer bee zombie (D:7)
  A hound zombie (D:5)
  A hound skeleton (D:5)
  A howler monkey zombie (D:9)
  Robin (D:3)
  8 gnolls (D:7)
  A howler monkey skeleton (D:6)
  8 adders
  A shadow imp (D:8)
  2 white imps
  3 dart slugs (D:2)
  31 orcs
  8 ball pythons
  2 endoplasms (D:2)
  2 giant cockroaches
  12 goblins
  9 hobgoblins
  28 kobolds
  2 quokkas (D:3)
  6 bats
  8 frilled lizards
  A rat (D:2)
276 creatures vanquished.

Vanquished Creatures (collateral kills)
  A killer bee (D:9)
1 creature vanquished.

Vanquished Creatures (others)
  4 plants (D:6)
4 creatures vanquished.

Grand Total: 281 creatures vanquished

Notes
Turn   | Place    | Note
-------+----------+-------------------------------------------
     0 | D:1      | Kinoniko the Demonspawn Berserker began the quest for the
                  | Orb.
     0 | D:1      | Reached XP level 1. HP: 18/18 MP: 1/1
   186 | D:1      | Reached skill level 3 in Axes
   462 | D:1      | Gained mutation: You have a pair of small horns on your
                  | head. [demonic ancestry]
   462 | D:1      | Reached XP level 2. HP: 14/24 MP: 2/2
  1014 | D:2      | Reached XP level 3. HP: 29/29 MP: 3/3
  1068 | D:2      | Reached skill level 4 in Axes
  1085 | D:2      | Gained mutation: You are surrounded by a mild repulsion
                  | field. (EV +2) [demonic ancestry]
  1085 | D:2      | Reached XP level 4. HP: 12/35 MP: 4/4
  1633 | D:2      | Found a faded altar of an unknown god.
  1705 | D:2      | Reached ** piety under Trog
  2344 | D:3      | Noticed Natasha
  2351 | D:3      | Killed Natasha
  2352 | D:3      | Reached skill level 5 in Axes
  2369 | D:3      | Noticed Natasha
  2432 | D:3      | Killed Natasha
  2433 | D:3      | Gained mutation: Spells you cast may paralyse adjacent
                  | enemies. [demonic ancestry]
  2433 | D:3      | Reached XP level 5. HP: 40/41 MP: 5/5
  2563 | D:3      | Noticed Robin
  2582 | D:3      | Killed Robin
  2898 | D:3      | Found a shimmering altar of Xom.
  2903 | D:3      | Noticed Jessica
  2909 | D:3      | Killed Jessica
  3230 | D:3      | Noticed Natasha
  3238 | D:3      | Killed Natasha
  3359 | D:4      | Reached skill level 6 in Axes
  3361 | D:4      | Gained mutation: You may rarely emit foul miasma when
                  | damaged in melee. [demonic ancestry]
  3361 | D:4      | Reached XP level 6. HP: 47/47 MP: 6/6
  3420 | D:4      | Found a burning altar of Makhleb.
  3751 | D:4      | Noticed Ijyb
  3759 | D:4      | Noticed Grinder
  3767 | D:4      | Killed Ijyb
  3777 | D:4      | Paralysed by Grinder for 3 turns
  3781 | D:4      | HP: 2/47 [Grinder (9)]
  3790 | D:4      | Killed Grinder
  3791 | D:4      | Reached skill level 7 in Axes
  3791 | D:4      | Reached XP level 7. HP: 14/52 MP: 7/7
  4035 | D:4      | Found a staircase to the Ecumenical Temple.
  4721 | D:5      | Entered Level 5 of the Dungeon
  5095 | D:5      | Found Pioleu's Distillery.
  5104 | D:5      | Bought a potion of curing for 30 gold pieces
  5104 | D:5      | Bought a potion of curing for 30 gold pieces
  5104 | D:5      | Bought a potion of heal wounds for 50 gold pieces
  5248 | D:5      | Found a broken altar of Ashenzari.
  5276 | D:5      | Reached *** piety under Trog
  5277 | D:5      | Reached skill level 8 in Axes
  5675 | D:5      | Found Meipimuop's Serpentskin Sales.
  5681 | D:5      | Reached skill level 9 in Axes
  5681 | D:5      | Reached XP level 8. HP: 58/58 MP: 8/8
  6272 | D:6      | Reached skill level 10 in Axes
  6587 | D:6      | Reached skill level 11 in Axes
  6587 | D:6      | Gained mutation: You have a pair of horns on your head.
                  | [demonic ancestry]
  6587 | D:6      | Reached XP level 9. HP: 50/63 MP: 9/9
  6866 | D:6      | Found a sparkling altar of Nemelex Xobeh.
  6902 | D:6      | Reached **** piety under Trog
  7000 | D:6      | Found a sacrificial altar of Ru.
  7004 | D:6      | Found a blossoming altar of Fedhas.
  7004 | D:6      | Found a hazy altar of Hepliaklqana.
  7245 | D:7      | Reached skill level 12 in Axes
  7856 | D:7      | Identified the +2 robe of Mumblety Peg {+Inv Will++ Dex+2
                  | Stlth-}
  8171 | D:8      | Found a radiant altar of Vehumet.
  8297 | D:8      | Gained mutation: You are surrounded by a moderate repulsion
                  | field. (EV +3) [demonic ancestry]
  8297 | D:8      | Reached XP level 10. HP: 63/69 MP: 10/10
  8331 | D:8      | Reached skill level 13 in Axes
  8420 | D:8      | Reached ***** piety under Trog
  8960 | D:8      | Identified the +1 robe "Plog" {Int+2}
  9160 | D:8      | Found Iciryrch's Armour Shop.
  9571 | D:9      | Identified the +10 flail of Tomuf {venom, rN+ Dex+4}
  9580 | D:9      | Noticed a two-headed ogre
  9590 | D:9      | Killed a two-headed ogre
  9591 | D:9      | Reached skill level 5 in Fighting
  9652 | D:9      | Noticed a two-headed ogre
  9669 | D:9      | Killed a two-headed ogre
  9670 | D:9      | Reached skill level 5 in Maces & Flails
  9961 | D:9      | Found Taezott's Distillery.
  9997 | D:9      | Noticed a two-headed ogre
 10003 | D:9      | Killed a two-headed ogre
 10004 | D:9      | Reached XP level 11. HP: 83/83 MP: 11/11
 10171 | D:9      | Noticed a two-headed ogre
 10184 | D:9      | Killed a two-headed ogre
 10638 | D:9      | Identified the +5 fustibalus "Uwaov" {venom, rF- rN+ Dex+6}
 10736 | D:10     | Entered Level 10 of the Dungeon
 10815 | D:10     | Noticed a death yak
 10832 | D:10     | Killed a death yak
 10887 | D:10     | Noticed a death yak
 11000 | D:10     | Found a staircase to the Lair.
 11001 | D:10     | Noticed a death yak
 11014 | D:10     | Killed a death yak
 11022 | D:10     | Killed a death yak
 11195 | D:10     | Found a snail-covered altar of Cheibriados.
 11684 | D:10     | Found a shimmering blue altar of Sif Muna.
 11735 | Lair:1   | Entered Level 1 of the Lair of Beasts
 11768 | Lair:1   | Noticed an eight-headed hydra
 11775 | Lair:1   | Killed an eight-headed hydra
 11914 | Lair:1   | Gained mutation: You have a pair of large horns on your
                  | head. [demonic ancestry]
 11914 | Lair:1   | Reached XP level 12. HP: 94/94 MP: 12/12
 12036 | Lair:1   | Noticed Joseph
 12047 | Lair:1   | Killed Joseph
 12059 | Lair:1   | HP: 7/142 [yak (9)]
 12059 | Lair:1   | Slain by a yak

Illustrated notes

Levels and vault maps discovered:
D:1:      dpeg_arrival_more_subterranean_lakeside_camping, layout_basic,
          grunt_decor_one_mirror
D:2:      layout_loops_ring, hellmonk_ecumenical_altar_leap_of_faith,
          minivault_26, st_stairs_1, minmay_misc_feat_hallway,
          kennysheep_generic_room_10
D:3:      layout_basic, xom_teletrap_fun, kennysheep_generic_room_14,
          uniq_robin, uniq_natasha, uniq_jessica
D:4:      layout_layer_cave, makhleb_blood_cavern_becter,
          minmay_temple_entry_drinking_statues, uniq_grinder, uniq_ijyb
D:5:      layout_gridville, ashenzari_altar_1, serial_shops, nicolae_shop_trees,
          guppyfry_shop_venom
D:6:      layout_cave_pools, nemelex_diamond_rough_becter,
          grunt_temple_overflow_open, serial_bayou_ford_a, minmay_manual_moon
D:7:      layout_rooms, kennysheep_small_circle
D:8:      layout_rooms, vehumet_crystals, serial_shops, kennysheep_mini_moat,
          minmay_fractal_squares_diagonal_5
D:9:      layout_cave_pools, serial_shops, kennysheep_mini,
          kennysheep_kite_vault
D:10:     layout_gridville, elyvilon_altar_3, lemuel_blue_sif_altar,
          mainiacjoe_overflow_tiny_flanked, dpeg_lair_monsters
Lair:1:   layout_gridlike, basic_altar, uniq_joseph

Skill      XL: |  1  2  3  4  5  6  7  8  9 10 11 12 |
---------------+-------------------------------------+-----
Axes           | 3 4 5 6 7 9 11 12 13 | 13.4
Fighting       | 6 8 9 |  9.0
Maces & Flails | 5 9 |  9.7
Armour         | |  1.7
Dodging        | |  1.7

Action                   |  1- 3 |  4- 6 |  7- 9 | 10-12 || total
-------------------------+-------+-------+-------+-------++-------
Melee: Hand axe          |    50 |   106 |       |       ||   156
       Headbutt          |     3 |    15 |    30 |    71 ||   119
       Battleaxe         |       |    36 |   223 |    69 ||   328
       Unarmed           |       |    16 |       |       ||    16
       Flail             |       |       |       |   208 ||   208
Invok: Berserk           |     1 |     5 |     7 |    14 ||    27
       Trog's Hand       |       |     1 |       |       ||     1
       Brothers in Arms  |       |       |       |     1 ||     1
  Use: Scroll            |     1 |     7 |     9 |     8 ||    25
       Potion            |       |     5 |       |       ||     5
Armor: Plate armour      |    36 |   128 |   150 |   175 ||   489
Dodge: Dodged            |     8 |    82 |    91 |   203 ||   384
